 Dungeon Crawl Stone Soup version 0.21-a0-552-g593960d (webtiles) character file.

89 vishdafish the Charmwright (level 4, 0/34 HPs)
             Began as a Demonspawn Skald on Dec 17, 2017.
             Slain by a hobgoblin (4 damage)
             ... led by Robin
             ... on level 2 of the Dungeon.
             The game lasted 00:05:57 (1632 turns).

vishdafish the Charmwright (Demonspawn Skald)       Turns: 1632, Time: 00:05:57

Health: 0/34       AC:  3    Str: 11    XL:     4   Next: 31%
Magic:  7/7        EV: 14    Int: 16    God:
Gold:   44         SH:  0    Dex: 12    Spells: 6/7 levels left

rFire    . . .     SeeInvis .   a - +1 spear
rCold    . . .     Gourm    .   (no shield)
rNeg     . . .     Faith    .   b - +0 leather armour
rPois    .         Spirit   .   (no helmet)
rElec    .         Reflect  .   (no cloak)
rCorr    .         Harm     .   (no gloves)
MR       .....                  (no boots)
Stlth    +.........             (no amulet)
HPRegen  0.11/turn              (no ring)
MPRegen  0.10/turn              (no ring)

@: about to teleport
A: repulsion field 1
a: no special abilities


You were on level 2 of the Dungeon.
You were hungry.

You visited 1 branch of the dungeon, and saw 2 of its levels.

You collected 44 gold pieces.

Inventory:

Hand Weapons
 a - a +1 spear (weapon)
Armour
 b - a +0 leather armour (worn)
Scrolls
 e - a scroll of immolation
 j - a scroll of identify
 k - a scroll of remove curse {unknown}
 n - a scroll of enchant armour {unknown}
Potions
 f - a potion of berserk rage {unknown}
 l - a potion of curing {unknown}
 m - 3 potions of invisibility {unknown}
 o - a potion of haste {unknown}
Books
 c - a book of Battle

   Spells                             Type                      Level
   a - Infusion                       Charms                       1
   b - Shroud of Golubria             Charms/Translocation         2
   c - Song of Slaying                Charms                       2
   d - Spectral Weapon                Hexes/Charms                 3
   e - Regeneration                   Charms/Necromancy            3
Comestibles
 d - 3 bread rations
 h - a royal jelly


   Skills:
 + Level 2.4 Fighting
 + Level 2.5 Polearms
 + Level 1.5 Armour
 + Level 2.1 Dodging
 + Level 0.8 Stealth
 + Level 2.1 Spellcasting
 + Level 3.2 Charms


You had 6 spell levels left.
You knew the following spells:

 Your Spells              Type           Power        Failure   Level  Hunger
a - Infusion              Chrm           ##..         7%          1    #......


Dungeon Overview and Level Annotations

Branches:
Dungeon (2/15)

Altars:

Annotations:
D:2 Robin


Innate Abilities, Weirdness & Mutations

You are surrounded by a mild repulsion field. (EV +2)


Message History

a hand axe; 11 stones; a rat skeleton
As you read the scroll labeled GEFUOL HUGAGE, it crumbles to dust.
It is a scroll of identify.
e - a scroll of immolation The goblin hits you with a club.
The goblin barely misses you. The goblin closely misses you.
The hobgoblin misses you. The goblin hits you with a club.
* * * LOW HITPOINT WARNING * * *
As you read the scroll labeled ZODDAU YVY WAE, it crumbles to dust.
It is a scroll of enchant weapon.
Your +0 spear glows red for a moment.
The goblin closely misses you. x3
The hobgoblin misses you.
Robin says, "Feeling lonely?"
Robin misses you. The goblin hits you but does no damage.
As you read the scroll labeled KEIKLI OSUFID, it crumbles to dust.
You feel strangely unstable.
It was a scroll of teleportation.
The goblin hits you with a club.
* * * LOW HITPOINT WARNING * * *
The goblin barely misses you. The hobgoblin hits you.
You die...

.(..........)#####.........##
..........##.# ##.##.(....#
......#)..#.# ##..#.......#
......#......###..#...÷....#
..............#..##...÷....#
...................(.......#
...#.##...###.....#........#
...#...........g...........#
# #.......g@g.##.......#
##....>..ggg.##.......#
#.........)..#.>......#
#............#........#
#..........### .......
#..........# #...!......#
##........## #........#


You could see Robin, a hobgoblin and 4 goblins.

Vanquished Creatures
  Natasha (D:1)
  A worm (D:2)
  3 dart slugs
  3 leopard geckos (D:1)
  2 giant cockroaches
  13 goblins
  4 hobgoblins
  A ball python (D:2)
  6 bats
  3 frilled lizards
  10 kobolds
  3 rats
50 creatures vanquished.

Vanquished Creatures (others)
  5 toadstools (D:1)
5 creatures vanquished.

Grand Total: 55 creatures vanquished

Notes
Turn   | Place    | Note
-------+----------+-------------------------------------------
     0 | D:1      | vishdafish the Demonspawn Skald began the quest for the Orb.
     0 | D:1      | Reached XP level 1. HP: 16/16 MP: 3/3
    34 | D:1      | Reached skill level 3 in Charms
    50 | D:1      | Gained mutation: You are surrounded by a mild repulsion field. (EV +2) [demonic ancestry]
    50 | D:1      | Reached XP level 2. HP: 14/22 MP: 5/5
   253 | D:1      | Reached skill level 1 in Armour
   328 | D:1      | You fall through a shaft!
   674 | D:1      | Reached XP level 3. HP: 25/28 MP: 6/6
   960 | D:2      | Noticed Natasha
  1215 | D:1      | Killed Natasha
  1215 | D:1      | Reached XP level 4. HP: 23/34 MP: 1/7
  1621 | D:2      | Noticed Robin
  1632 | D:2      | Slain by a hobgoblin

Vault maps used:
D:1:      ldierk_walled_garden
D:2:      uniq_robin, uniq_natasha, uniq_crazy_yiuf_cottage

Skill      XL: |  1  2  3 |
---------------+----------+-----
Charms         | 3 |  3.2
Armour         | 1 |  1.5
Polearms       | 2 |  2.5
Dodging        | 2 |  2.1
Fighting       | |  2.4
Stealth        | |  0.8
Spellcasting   | |  2.1

Action                   |  1- 3 |  4- 6 || total
-------------------------+-------+-------++-------
Melee: Spear             |   148 |    60 ||   208
 Cast: Infusion          |     7 |       ||     7
  Use: Scroll            |       |     3 ||     3
 Stab: Sleeping          |     3 |       ||     3
  Eat: Chunk             |       |     2 ||     2
Armor: Leather armour    |    22 |    10 ||    32
Dodge: Dodged            |    96 |    48 ||   144

Table legend:
 A = Spawn XP
 B = Non-spawn XP
 C = Spawn XP percentage of total XP
 D = Spawn monster count
 E = Non-spawn monster count
 F = Spawn count percentage of total count
 G = Total turns spent on level
                    A         B        C        D         E        F      G
               +---------+---------+-------+---------+---------+-------+---------
         Total |       0 |     128 |   0.0 |       0 |      50 |   0.0 |  1632
               +---------+---------+-------+---------+---------+-------+---------
           D:1 |       0 |      83 |   0.0 |       0 |      26 |   0.0 |  1135
           D:2 |       0 |      45 |   0.0 |       0 |      24 |   0.0 |   497
               +---------+---------+-------+---------+---------+-------+---------
